Map: Lerilak Crest

Players

DarkMatter - Winner!

  • Race: Zerg Zerg
  • League: Platinum

Javert

  • Race: Zerg Zerg
  • League: Platinum

VOD

Have the link to the VOD?

Description

Time

  • Played on: Aug. 13, 2015, 11:55 p.m.
  • Length: 36:06
Show
View Real Time Build Order
Export as new Build Order

DarkMatter Zerg - Winner!

Build Orders: Hatch First, Lurkers, Swarm Host 

Get SALT Encoding   

  12  0:01  Drone  
  13  0:13  Overlord  
  13  0:20  Drone  
  14  0:33  Drone x2  
  16  0:36  Drone  
  17  0:55  Hatchery  
  16  0:58  Drone  
  17  1:10  Spawning Pool  
  16  1:13  Drone  
  17  1:19  Extractor  
  17  1:20  Drone  
  17  1:23  Drone  
  18  1:30  Overlord  
  18  1:44  Drone  
  19  1:56  Queen  
  19  1:58  Zergling x2  
  22  2:09  Queen  
  22  2:10  Drone, Spine Crawler  
  22  2:12  Drone  
  25  2:20  Metabolic Boost  
  25  2:22  Zergling x2  
  26  2:25  Zergling x2  
  26  2:27  Drone  
  26  2:29  Drone  
  29  2:41  Baneling Nest  
  28  2:58  Overlord  
  28  2:59  Overlord  
  28  3:24  Lair  
  28  3:25  Extractor  
  27  3:31  Drone x3  
  27  3:32  Zergling x2  
  27  3:33  Zergling x4  
  33  3:34  Baneling  
  33  3:35  Baneling  
  33  3:50  Drone x3  
  33  3:52  Drone  
  33  3:53  Drone x3  
  33  3:54  Drone  
  41  4:12  Drone  
  41  4:14  Overlord x2  
  42  4:24  Hydralisk Den  
  42  4:29  Baneling  
  41  4:33  Hatchery  
  41  4:34  Drone x3  
  41  4:35  Drone x2  
  41  4:36  Extractor  
  44  4:40  Extractor  
  44  4:43  Roach Warren  
  42  4:46  Drone  
  42  4:47  Drone x2  
  42  4:48  Lurker Den  
  42  4:49  Drone x2  
  42  4:50  Drone  
  47  4:57  Drone x3  
  50  5:19  Drone x3  
  49  5:22  Spore Crawler  
  49  5:26  Hydralisk x4  
  56  5:37  Drone  
  57  5:47  Overlord  
  57  5:48  Overlord x2  
  57  6:02  Queen  
  57  6:03  Drone x2  
  61  6:09  Spore Crawler  
  60  6:23  Overlord x4  
  60  6:28  Spore Crawler  
  60  6:30  Lurker  
  60  6:31  Lurker x3, Infestation Pit  
  62  6:33  Drone x3  
  62  6:36  Zergling x2  
  62  6:38  Hydralisk x3  
  72  6:44  Overlord x2  
  72  6:49  Spore Crawler  
  71  6:58  Evolution Chamber, Drone x2  
  71  7:00  Evolution Chamber, Drone x2  
  73  7:09  Pathogen Glands  
  73  7:13  Overseer  
  73  7:21  Hydralisk x2  
  73  7:22  Hydralisk x2  
  81  7:26  Drone  
  81  7:27  Drone x2  
  84  7:31  Hatchery  
  84  7:33  Zerg Missile Weapons Level 1  
  84  7:34  Zerg Ground Armor Level 1  
  82  7:38  Lurker  
  82  7:40  Lurker  
  82  7:42  Lurker  
  85  7:45  Drone x2  
  85  7:48  Drone  
  88  7:55  Infestor  
  88  7:58  Drone x3  
  92  7:59  Drone x4  
  92  8:00  Drone x3  
  92  8:01  Drone  
  101  8:16  Lurker x2  
  103  8:25  Drone x2, Extractor  
  103  8:26  Drone x2, Extractor  
  99  9:09  Lurker x2, Swarm Host x2  
  101  9:10  Swarm Host  
  101  9:11  Drone x3  
  101  9:14  Drone  
  101  9:15  Drone  
  101  9:16  Overlord  
  101  9:17  Overlord x4  
  115  9:22  Drone, Spire  
  115  9:23  Drone x2, Queen  
  116  9:26  Extractor  
  116  9:28  Extractor  
  116  9:30  Zergling x24  
  126  9:35  Zerg Missile Weapons Level 2  
  126  9:43  Zerg Ground Armor Level 2  
  126  9:46  Drone x7  
  126  9:52  Drone x3  
  136  9:53  Drone x3  
  136  9:54  Drone x2  
  136  9:55  Drone  
  136  9:56  Drone x2  
  141  10:00  Spine Crawler x2  
  141  10:02  Spine Crawler  
  141  10:03  Spore Crawler  
  130  10:11  Hive  
  128  10:17  Zergling x2  
  128  10:18  Zergling x10  
  134  10:21  Drone x2  
  134  10:22  Overlord  
  134  10:23  Overlord x2  
  134  10:26  Swarm Host  
  134  10:27  Swarm Host  
  145  10:28  Swarm Host  
  145  10:29  Swarm Host  
  145  10:30  Swarm Host  
  145  10:31  Swarm Host  
  157  10:55  Roach x5  
  167  11:10  Swarm Host x2  
  167  11:11  Swarm Host x5  
  184  11:18  Burrow  
  182  11:43  Greater Spire  
  182  11:45  Corruptor x3  
  182  11:46  Corruptor x2  
  192  11:57  Overseer  
  192  11:58  Overseer  
  192  11:59  Pneumatized Carapace  
  192  12:24  Zerg Melee Weapons Level 1  
  192  12:25  Zerg Missile Weapons Level 3  
  192  12:29  Zergling x2  
  193  12:30  Zergling x10  
  184  13:07  Brood Lord  
  184  13:08  Brood Lord x3  
  189  13:19  Corruptor x2  
  171  13:20  Corruptor x3  
  128  13:55  Spore Crawler, Corruptor  
  128  13:56  Corruptor x5  
  128  13:57  Corruptor x5  
  128  13:58  Corruptor x2  
  153  14:03  Spore Crawler  
  153  14:04  Spore Crawler  
  153  14:06  Overlord  
  153  14:07  Spore Crawler x2  
  149  14:10  Spore Crawler  
  148  14:21  Hydralisk x10  
  140  14:57  Zergling x2  
  140  14:58  Zergling x18  
  113  15:14  Drone x3  
  113  15:15  Drone  
  113  15:16  Hatchery, Drone x9, Queen  
  106  15:29  Drone x3, Queen  
  106  15:32  Drone  
  106  15:33  Drone x2  
  106  15:34  Hydralisk x3, Roach x5  
  106  15:35  Hydralisk x3  
  132  15:49  Queen  
  134  15:51  Zerg Ground Armor Level 3  
  134  15:52  Zerg Melee Weapons Level 2  
  134  15:55  Zergling x2  
  134  15:56  Zergling x6  
  138  15:58  Drone  
  138  15:59  Drone x2  
  141  16:05  Lurker  
  141  16:09  Lurker x4  
  141  16:10  Lurker  
  114  16:55  Drone x3  
  114  16:57  Hydralisk x2  
  114  16:58  Hydralisk  
  114  17:00  Extractor  
  89  17:44  Roach x3  
  89  17:45  Roach x4  
  89  17:46  Drone  
  89  17:47  Drone x2  
  89  17:48  Roach x3  
  89  17:49  Roach x3  
  89  17:50  Hydralisk x4  
  118  17:54  Queen  
  118  18:12  Spire  
  105  18:20  Hatchery  
  90  18:42  Hydralisk x2  
  90  18:43  Hydralisk  
  96  18:54  Extractor  
  96  18:55  Drone x2, Extractor  
  96  18:56  Drone x5  
  101  19:06  Drone x3  
  101  19:07  Drone x2  
  101  19:08  Drone  
  101  19:09  Drone  
  109  19:10  Drone x4  
  112  19:23  Infestor  
  112  19:24  Infestor  
  110  19:52  Zergling x6  
  113  19:53  Zergling x6  
  113  19:54  Zergling x6  
  119  20:06  Spore Crawler  
  71  21:14  Lurker x3  
  71  21:15  Lurker  
  71  21:16  Drone  
  71  21:17  Drone x6, Extractor  
  78  21:19  Drone x3  
  78  21:20  Hydralisk  
  78  21:21  Hydralisk x5  
  78  21:22  Hydralisk x3  
  99  21:46  Spore Crawler  
  98  21:47  Drone x2  
  98  21:49  Spore Crawler  
  97  22:01  Hydralisk x4  
  97  22:02  Hydralisk  
  107  22:08  Spore Crawler, Queen  
  107  22:09  Spore Crawler, Drone  
  107  22:10  Drone x3  
  107  22:15  Zergling x16  
  119  22:27  Corruptor  
  121  22:30  Corruptor x2  
  124  22:58  Corruptor  
  124  22:59  Corruptor x2  
  118  23:42  Corruptor x3  
  118  23:44  Queen  
  118  23:48  Spore Crawler  
  120  24:05  Infestor  
  115  24:17  Spore Crawler  
  114  24:43  Spine Crawler  
  112  24:49  Overseer  
  112  24:59  Hydralisk x6  
  114  25:00  Hydralisk  
  126  25:23  Hatchery  
  121  25:57  Corruptor x4  
  121  25:58  Corruptor  
  132  26:04  Zergling x10  
  132  26:05  Zergling x22  
  147  26:26  Infestor x2  
  151  26:40  Baneling x4  
  151  26:41  Baneling  
  144  27:21  Drone x7  
  144  27:22  Drone x9  
  160  27:24  Drone x3  
  160  27:25  Spore Crawler, Queen  
  167  28:18  Greater Spire  
  167  28:35  Roach x3  
  167  28:36  Roach x5  
  167  28:39  Spine Crawler  
  182  28:47  Extractor  
  181  28:50  Extractor  
  181  28:54  Overlord x2  
  181  28:55  Overlord  
  189  29:06  Drone  
  175  29:52  Zergling x2  
  175  29:53  Zergling x26  
  184  30:09  Infestor  
  166  31:16  Zergling x2  
  166  31:17  Zergling x18  
  161  31:36  Hydralisk  
  161  31:37  Hydralisk x18  
  180  32:13  Overseer x3  
  180  32:14  Overseer  
  180  32:17  Roach x5  
  180  32:18  Roach  
  180  33:31  Roach x10  
  173  35:17  Roach  
  173  35:18  Roach x11  
  197  35:31  Hatchery  
Show
View Real Time Build Order
Export as new Build Order

Javert Zerg 

Build Orders: Pool First, Lurkers 

Get SALT Encoding   

  12  0:01  Drone  
  13  0:11  Drone  
  13  0:13  Extractor  
  13  0:16  Drone  
  14  0:25  Overlord  
  14  0:44  Spawning Pool  
  14  0:45  Drone  
  14  0:50  Drone  
  14  0:52  Drone  
  16  1:00  Drone  
  17  1:26  Hatchery  
  17  1:31  Metabolic Boost  
  16  1:43  Queen  
  18  1:49  Zergling x2  
  18  1:51  Drone  
  20  1:59  Overlord  
  20  2:07  Drone  
  21  2:15  Baneling Nest  
  20  2:19  Drone  
  21  2:24  Queen  
  23  2:33  Drone x2  
  25  2:43  Drone x2  
  26  2:53  Queen  
  26  2:55  Zergling x4  
  30  3:00  Zergling x4  
  32  3:09  Zergling x4  
  32  3:10  Zergling x2  
  35  3:19  Baneling x3  
  35  3:22  Drone, Overlord  
  36  3:42  Baneling x3  
  36  3:47  Overlord x2  
  36  3:49  Drone  
  36  3:50  Drone x4, Extractor  
  40  4:03  Lair  
  40  4:05  Drone x2  
  40  4:06  Drone  
  43  4:18  Drone x2  
  43  4:19  Drone x3  
  43  4:22  Overlord  
  48  4:35  Drone x2  
  48  4:36  Drone x2  
  52  4:48  Overlord  
  52  4:50  Extractor  
  52  4:51  Extractor  
  50  4:54  Roach Warren  
  50  4:57  Evolution Chamber  
  48  5:05  Overseer  
  47  5:23  Evolution Chamber  
  47  5:24  Zerg Missile Weapons Level 1  
  47  5:25  Hydralisk Den  
  47  5:28  Drone x8  
  50  5:29  Drone x6  
  50  5:30  Drone  
  60  5:39  Overlord  
  60  5:48  Overlord  
  62  5:50  Roach  
  62  5:51  Glial Reconstitution  
  62  5:57  Hatchery  
  62  5:59  Roach x3  
  62  6:03  Overlord  
  67  6:08  Roach x2  
  70  6:22  Lurker Den  
  70  6:34  Zerg Ground Armor Level 1  
  70  6:38  Overlord x2  
  70  6:40  Drone x5  
  70  6:41  Drone x2  
  70  6:44  Overlord x2  
  77  6:51  Pneumatized Carapace  
  77  6:58  Hydralisk  
  77  6:59  Hydralisk x2  
  83  7:04  Overseer  
  83  7:05  Extractor  
  82  7:09  Extractor  
  81  7:22  Hydralisk  
  81  7:23  Hydralisk x3  
  81  7:27  Overlord  
  89  7:42  Zerg Missile Weapons Level 2  
  89  7:43  Overlord x2  
  89  7:50  Hydralisk  
  89  7:51  Hydralisk x3  
  91  7:58  Drone, Spine Crawler  
  97  7:59  Spore Crawler  
  97  8:01  Spine Crawler  
  97  8:03  Lurker  
  97  8:04  Lurker  
  97  8:07  Overlord  
  97  8:08  Drone x3  
  97  8:11  Spine Crawler  
  97  8:12  Drone  
  100  8:13  Drone x2, Spore Crawler  
  102  8:20  Lurker x2  
  103  8:27  Overseer x2  
  102  9:01  Roach x14  
  102  9:02  Roach x4  
  137  9:16  Overlord  
  137  9:32  Lurker x2  
  137  9:33  Lurker x4  
  143  9:39  Drone x4, Infestation Pit  
  143  9:44  Hatchery  
  145  9:47  Overseer x3  
  144  10:23  Ravager  
  144  10:24  Ravager x3  
  144  10:27  Hive  
  148  10:29  Spire  
  147  11:11  Zerg Ground Armor Level 2  
  147  11:15  Burrow  
  147  11:19  Hydralisk x3  
  147  11:20  Hydralisk x4  
  161  11:58  Overlord x2  
  161  11:59  Overlord  
  161  12:19  Greater Spire  
  161  12:22  Mutalisk x7  
  163  12:23  Hatchery, Mutalisk x2  
  163  12:24  Extractor  
  163  12:25  Extractor  
  163  12:27  Overlord x2  
  176  12:40  Zerg Missile Weapons Level 3  
  175  12:49  Mutalisk x2  
  175  12:50  Mutalisk  
  156  13:33  Mutalisk  
  134  13:34  Mutalisk x6  
  128  13:49  Zergling x2  
  128  13:50  Zergling x42  
  128  13:51  Zergling x24  
  150  14:09  Hatchery  
  146  14:16  Hatchery  
  145  14:22  Hatchery  
  118  14:46  Mutalisk x5  
  118  14:47  Mutalisk x4  
  109  15:05  Overlord  
  106  15:15  Roach x5  
  110  15:30  Zergling x8  
  110  15:31  Zergling x8  
  110  15:33  Queen  
  110  15:52  Extractor  
  110  15:55  Extractor  
  110  15:56  Mutalisk x9  
  110  15:57  Mutalisk x3  
  132  16:05  Overlord  
  132  16:07  Queen  
  86  17:21  Corruptor  
  86  17:22  Corruptor x11  
  92  17:23  Corruptor  
  110  17:44  Zergling x10  
  96  18:19  Mutalisk x2  
  95  18:42  Drone x5  
  100  18:55  Zergling x2  
  101  19:12  Zergling x2  
  101  19:13  Zergling x6  
  80  20:24  Mutalisk  
  80  20:25  Mutalisk x10  
  94  20:43  Queen  
  94  21:03  Drone x10  
  94  21:07  Mutalisk  
  94  21:08  Mutalisk x5  
  99  21:18  Hatchery  
  98  21:29  Hatchery  
  98  21:31  Brood Lord  
  99  21:40  Extractor  
  88  22:06  Brood Lord  
  88  22:07  Zergling x2  
  88  22:08  Zergling x12  
  97  22:49  Zergling x12  
  103  22:59  Spine Crawler  
  103  23:01  Spine Crawler x2  
  103  23:04  Zergling x4  
  102  23:06  Zerg Melee Weapons Level 1  
  88  23:31  Zergling x2  
  88  23:32  Zergling x6  
  88  23:51  Hydralisk x4  
  86  24:11  Hatchery, Extractor  
  86  24:12  Extractor  
  83  24:18  Zergling x12  
  89  24:31  Spore Crawler  
  89  24:35  Overseer  
  88  25:07  Ultralisk Cavern  
  88  25:12  Hatchery  
  83  25:30  Drone  
  83  25:31  Drone x8  
  92  25:39  Lurker x4  
  92  26:11  Zerg Melee Weapons Level 2  
  92  26:20  Queen  
  92  26:28  Drone  
  92  26:29  Drone x6  
  99  26:36  Hatchery  
  98  26:43  Hatchery, Baneling x2  
  98  26:44  Queen, Baneling  
  95  26:48  Zergling x4  
  95  26:49  Zergling x4  
  92  27:07  Zergling x2  
  92  27:08  Zergling x10  
  95  27:23  Zergling x2  
  95  27:24  Zergling x6  
  92  27:34  Mutalisk  
  92  27:35  Mutalisk x4  
  100  27:53  Mutalisk  
  100  27:54  Mutalisk x2  
  104  28:11  Hydralisk x6  
  116  28:19  Drone x2  
  116  28:21  Baneling x3  
  112  28:51  Lurker x3  
  112  28:53  Hatchery  
  114  29:01  Chitinous Plating  
  114  29:24  Hydralisk x4  
  114  29:25  Hydralisk  
  124  29:33  Queen  
  118  29:47  Drone  
  118  29:48  Drone x8  
  121  29:57  Lurker x2  
  123  30:02  Drone  
  123  30:03  Drone x2  
  120  30:38  Ultralisk x2  
  132  30:44  Overseer x3  
  132  30:55  Spore Crawler x2  
  116  31:21  Ultralisk  
  119  31:30  Ultralisk x2  
  118  31:36  Hatchery  
  117  31:45  Drone x7  
  117  31:46  Drone x2, Hydralisk  
  122  32:03  Drone  
  122  32:04  Drone x5  
  128  32:15  Drone  
  128  32:16  Drone  
  130  32:33  Queen  
  130  32:42  Ultralisk  
  135  32:48  Drone x5  
  135  32:49  Drone  
  123  33:29  Baneling x3  
  123  33:54  Baneling  
  123  33:55  Baneling x2  
  123  34:40  Overlord  
  123  34:41  Overlord  
  123  34:44  Overlord x2  
  123  35:07  Hatchery  
  122  35:19  Overlord  
  122  35:23  Overlord x2  
Tags
 
Add a new tag
Caveats
  • Supply blocks, unpowered buildings, or Contaminate may cause inaccurate times.
  • Supply counts are checked every 10 seconds.